 Dungeon Crawl Stone Soup version 0.22-a0-469-gf26638a71f (webtiles) character file.

20705 JUnderhill the Thaumaturge (level 12, -13/84 HPs)
             Began as a Demonspawn Ice Elementalist on June 12, 2018.
             Was a High Priest of Sif Muna.
             Mangled by an orc warrior
             ... wielding a +0 long sword
              (16 damage)
             ... on level 13 of the Dungeon.
             The game lasted 00:54:06 (18191 turns).

JUnderhill the Thaumaturge (DsIE)                  Turns: 18191, Time: 00:54:08

Health: -13/84     AC:  4    Str: 10    XL:     12   Next: 47%
Magic:  43/43      EV: 12    Int: 22    God:    Sif Muna [*****.]
Gold:   702        SH:  6    Dex: 16    Spells: 18/35 levels left

rFire    + . .     SeeInvis +   B - staff of power
rCold    . . .     Gourm    .   (no shield)
rNeg     . . .     Faith    .   D - +0 troll leather armour
rPois    +         Spirit   .   (helmet restricted)
rElec    .         Reflect  .   i - scarf {repulsion}
rCorr    .         Harm     .   (no gloves)
MR       +....                  (no boots)
Stlth    ++........             e - amulet of the acrobat
HPRegen  0.64/turn              f - ring of poison resistance
MPRegen  0.28/turn              (no ring)

@: about to teleport, divine energy, repel missiles
A: horns 2, large bone plates 2, see invisible, agile 1, fire resistance 1,
magic resistance 1, powered by death 2, strong 1, wild magic 1
a: Stop Divine Energy, Channel Magic, Forget Spell, Renounce Religion


You were on level 13 of the Dungeon.
You worshipped Sif Muna.
Sif Muna was extremely pleased with you.
You were not hungry.

You visited 1 branch of the dungeon, and saw 13 of its levels.
You also visited: Bailey.

You collected 856 gold pieces.
You spent 154 gold pieces at shops.

Inventory:

Hand Weapons
 C - a +0 rapier of protection
Armour
 g - a +2 robe of positive energy
 i - a scarf of repulsion (worn)
 D - a +0 troll leather armour (worn)
Magical Staves
 B - an uncursed staff of power (weapon)
Jewellery
 e - an amulet of the acrobat (around neck)
 f - a ring of poison resistance (left hand)
 F - a cursed ring of teleportation {unknown}
Wands
 o - a wand of disintegration (7)
 s - a wand of acid (27)
 v - a wand of flame (15)
Scrolls
 a - 2 scrolls of teleportation
 h - 4 scrolls of remove curse
 n - 3 scrolls of immolation
 p - a scroll of vulnerability {unknown}
 t - 3 scrolls of amnesia {unknown}
 u - a scroll of magic mapping
 w - a scroll of blinking {unknown}
 x - 2 scrolls of enchant armour
 y - a scroll of brand weapon
 E - 2 scrolls of acquirement {unknown}
Potions
 b - 6 potions of curing
 d - 2 potions of magic
 j - 2 potions of invisibility
 k - 3 potions of might
 l - a potion of flight
 m - 2 potions of haste
 q - 2 potions of resistance
 r - 4 potions of agility
 z - a potion of brilliance
 G - a potion of mutation
Comestibles
 c - 20 rations


   Skills:
 - Level 4.4 Fighting
 + Level 5.1 Armour
 - Level 1.7 Dodging
 - Level 1.7 Stealth
 - Level 12.1 Spellcasting
 - Level 7.7 Conjurations
 - Level 4.1 Charms
 - Level 5.2 Summonings
 - Level 9.5 Ice Magic
 - Level 2.7 Invocations


You had 18 spell levels left.
You knew the following spells:

 Your Spells              Type           Power        Failure   Level  Hunger
a - Freeze                Ice            ####         1%          1    None
b - Throw Frost           Conj/Ice       ######       1%          2    None
c - Ozocubu's Armour      Chrm/Ice       ######..     2%          3    None
d - Throw Icicle          Conj/Ice       ######..     3%          4    None
e - Summon Ice Beast      Ice/Summ       ######..     5%          4    None
f - Regeneration          Chrm/Necr      ####......   13%         3    None

Your spell library contained the following spells:

 Spells                   Type           Power        Failure   Level  Hunger
 Bolt of Cold             Conj/Ice       ######....   36%         6    #####..
 Confuse                  Hex            ###.....     26%         3    None
 Freezing Cloud           Conj/Ice/Air   ######....   75%         6    #####..
 Death's Door             Chrm/Necr      ####......   100%        8    #######
 Lehudib's Crystal Spear  Conj/Erth      #####.....   100%        8    #######
 Fire Storm               Conj/Fire      #####.....   100%        9    #######
 Animate Dead             Necr           N/A          63%         4    None
 Pain                     Necr           ###.         10%         1    None
 Animate Skeleton         Necr           N/A          10%         1    None
 Vampiric Draining        Necr           ###.......   26%         3    None
 Poison Arrow             Conj/Pois      #####.....   94%         6    #####..
 Tukima's Dance           Hex            ###.....     26%         3    None
 Ice Form                 Ice/Tmut       #####...     13%         4    None
 Glaciate                 Conj/Ice       ######....   100%        9    #######
 Ensorcelled Hibernation  Hex/Ice        #####.       2%          2    None
 Corona                   Hex            ###....      10%         1    None
 Chain Lightning          Conj/Air       #####.....   100%        8    #######
 Shroud of Golubria       Chrm/Tloc      ####......   7%          2    None
 Dazzling Spray           Conj/Hex       #####.       7%          3    None
 Lesser Beckoning         Tloc           ###.......   26%         3    None


Dungeon Overview and Level Annotations

Branches:
Dungeon (13/15)            Temple (0/1) D:6            Lair (0/6) D:9
    Orc (0/2) D:10
 Vaults: D:13-14

Altars:
Fedhas
Kikubaaqudgha
Nemelex Xobeh
Qazlal
Sif Muna
Trog
Uskayaw
Wu Jian
Yredelemnul
Zin
The Shining One

Shops:
D:5 *

Annotations:
D:3 temitten's ghost, amateur DsBe


Innate Abilities, Weirdness & Mutations

You have a pair of horns on your head.
You are mostly covered in large bone plates. (SH +6)
Your flesh is heat resistant. (rF+)
You regenerate health from kills.
You have supernaturally acute eyesight. (SInv)
You are agile. (Dex +2)
You are resistant to hostile enchantments. (MR+)
Your muscles are strong. (Str +2)
Your spells are a little harder to cast, but a little more powerful.


Message History

The orc shouts!
The orc warrior shouts!
You hear a shout! x2
The slime creature hits you!! You block the orc's attack.
The slime creature completely misses you.
The slime creature closely misses you. The orc barely misses you.
You block the slime creature's attack.
There is a stone staircase leading down, spattered with blood here.
The slime creature closely misses you. The slime creature hits you!
The orc hits you but does no damage.
The orc warrior hits you with a long sword!
The slime creature hits you!
You climb downwards.
There is a stone staircase leading up here.
As you read the scroll of teleportation, it crumbles to dust.
You feel strangely unstable. The slime creature hits you!
* * * LOW HITPOINT WARNING * * *
The slime creature hits you!
* * * LOW HITPOINT WARNING * * *
The orc closely misses you. The slime creature barely misses you.
The orc warrior hits you with a long sword!
You die...

#.#
#..........#
#.##
###........#
#..###
###..#####
##...# ##..#
###.# ....#
######'####
.......
#.........#
..#.
#....Joo..#
#....J@...+
#....J....#
#.(.......#
#######'###
.# .# .# .#


You could see 3 slime creatures, an orc warrior and an orc.

Vanquished Creatures
  An orc warlord (Bailey)
  Josephine (D:10)
  Harold (D:11)
  4 two-headed ogres
  A skeletal warrior (D:11)
  Pikel (D:6)
  An ugly thing (D:13)
  An orc knight (Bailey)
  A cyclops (D:13)
  Psyche (D:8)
  A gargoyle (D:13)
  The ghost of Underhill the Chiller, a novice DsIE of Hepliaklqana (D:6)
  2 trolls
  Prince Ribbit (D:5)
  3 hippogriffs
  Sigmund (D:6)
  3 yaks
  A shadow (D:11)
  A wraith (D:10)
  A hungry ghost (D:12)
  Edmund (D:4)
  Menkaure (D:5)
  A water moccasin (D:6)
  Duvessa (D:5)
  A porcupine (D:9)
  9 orc warriors
  A phantom (D:7)
  5 ogres
  3 black bears
  A necrophage (D:7)
  11 centaurs
  A crocodile (D:9)
  4 big kobolds
  4 bullfrogs
  Dowan (D:5)
  4 scorpions
  4 wights
  2 howler monkeys (D:7)
  3 crimson imps
  A bullfrog zombie (D:7)
  4 orc priests
  5 jellies
  3 bullfrog skeletons
  2 hounds
  A centaur skeleton (D:4)
  11 orc wizards
  5 iguanas
  10 worker ants
  A killer bee zombie (D:6)
  A hound zombie (D:5)
  A worker ant zombie (D:6)
  17 adders
  A gnoll (Bailey)
  3 shadow imps
  An ooze (D:1)
  An adder zombie (D:6)
  An adder skeleton (D:7)
  5 worms
  A dart slug (D:2)
  4 leopard geckos
  41 orcs
  3 giant cockroaches
  2 gnoll zombies (D:7)
  11 goblins
  7 hobgoblins
  A jackal (D:5)
  24 kobolds
  3 quokkas
  A ball python (D:6)
  8 bats
  12 rats
278 creatures vanquished.

Vanquished Creatures (collateral kills)
  Nessos (D:12)
  Erolcha (D:11)
  A hydra (D:11)
  A centaur warrior (D:13)
  A two-headed ogre (D:11)
  Urug (D:10)
  A manticore (D:12)
  3 centaur zombies
  A troll (D:10)
  3 yaks (D:11)
  4 wraiths (D:10)
  2 hungry ghosts
  2 acid dragons
  7 orc warriors
  A black bear (D:12)
  5 centaurs
  4 ogres (D:10)
  2 big kobolds
  3 gnoll sergeants (D:10)
  8 wights
  A bullfrog zombie (D:11)
  An orc priest (D:11)
  An orc wizard (D:11)
  A shadow imp (D:11)
  9 orcs
  A goblin (Bailey)
  A hobgoblin (Bailey)
  3 kobolds (Bailey)
70 creatures vanquished.

Vanquished Creatures (others)
  A water moccasin (D:6)
  A slave (D:6)
2 creatures vanquished.

Grand Total: 350 creatures vanquished

Notes
Turn   | Place    | Note
-------+----------+-------------------------------------------
     0 | D:1      | JUnderhill the Demonspawn Ice Elementalist began the quest for the Orb.
     0 | D:1      | Reached XP level 1. HP: 13/13 MP: 3/3
   321 | D:1      | Gained mutation: You are partially covered in large bone plates. (SH +4) [demonic ancestry]
   321 | D:1      | Reached XP level 2. HP: 19/19 MP: 0/5
  1217 | D:2      | Gained mutation: You are mostly covered in large bone plates. (SH +6) [demonic ancestry]
  1217 | D:2      | Reached XP level 3. HP: 14/24 MP: 6/6
  1610 | D:2      | Found a glowing silver altar of Zin.
  2300 | D:3      | Reached XP level 4. HP: 30/30 MP: 8/8
  2509 | D:3      | Reached skill level 3 in Spellcasting
  2524 | D:3      | Noticed temitten's ghost (amateur DsBe)
  2528 | D:3      | Learned a level 2 spell: Throw Frost
  3133 | D:3      | Found a sparkling altar of Nemelex Xobeh.
  3214 | D:4      | Gained mutation: You have a pair of small horns on your head. [demonic ancestry]
  3214 | D:4      | Reached XP level 5. HP: 32/35 MP: 7/10
  3334 | D:4      | Found a blossoming altar of Fedhas.
  3441 | D:4      | Noticed Edmund
  3504 | D:4      | Killed Edmund
  3504 | D:4      | Reached skill level 4 in Spellcasting
  3504 | D:4      | Gained mutation: You have a pair of horns on your head. [demonic ancestry]
  3504 | D:4      | Reached XP level 6. HP: 36/41 MP: 7/12
  3524 | D:4      | Learned a level 3 spell: Ozocubu's Armour
  3722 | D:4      | Found a deep blue altar of Sif Muna.
  3926 | D:4      | Became a worshipper of Sif Muna the Loreminder
  3942 | D:4      | Found the +8 demon blade "Bloodbane" {slice, *Rage +Rage Stlth-}
  3951 | D:4      | Reached skill level 5 in Ice Magic
  3994 | D:4      | Gained mutation: Your system is resistant to poisons. (rPois) [potion of mutation]
  3994 | D:4      | Gained mutation: You have supernaturally acute eyesight. (SInv) [potion of mutation]
  4286 | D:4      | Lost mutation: Your system is resistant to poisons. (rPois) [potion of mutation]
  4286 | D:4      | Gained mutation: Your muscles are strong. (Str +2) [potion of mutation]
  4286 | D:4      | Gained mutation: Your spells are a little harder to cast, but a little more powerful. [potion of mutation]
  4286 | D:4      | Gained mutation: You are agile. (Dex +2) [potion of mutation]
  4286 | D:4      | Gained mutation: You are resistant to hostile enchantments. (MR+) [potion of mutation]
  4587 | D:5      | Entered Level 5 of the Dungeon
  4853 | D:5      | Found Xeul's General Store.
  4983 | D:5      | Noticed Dowan
  5117 | D:5      | Bought a scarf of repulsion for 132 gold pieces
  5117 | D:5      | Bought a scroll of identify for 22 gold pieces
  5250 | D:5      | Reached skill level 5 in Spellcasting
  5250 | D:5      | Reached XP level 7. HP: 41/46 MP: 3/14
  5258 | D:5      | Noticed Duvessa
  5389 | D:5      | Killed Duvessa
  5493 | D:5      | Killed Dowan
  5527 | D:5      | Reached * piety under Sif Muna
  5539 | D:5      | HP: 2/46 [centaur (11)]
  5543 | D:5      | Reached skill level 6 in Spellcasting
  5785 | D:5      | Learned a level 4 spell: Throw Icicle
  5831 | D:5      | Noticed Menkaure
  5848 | D:5      | Killed Menkaure
  5848 | D:5      | Gained mutation: Your flesh is heat resistant. (rF+) [demonic ancestry]
  5848 | D:5      | Reached XP level 8. HP: 15/52 MP: 13/17
  6307 | D:5      | Noticed Prince Ribbit
  6384 | D:5      | Killed Prince Ribbit
  6384 | D:5      | Reached ** piety under Sif Muna
  6384 | D:5      | Reached skill level 7 in Spellcasting
  6597 | D:6      | Noticed Sigmund
  6609 | D:6      | Killed Sigmund
  6642 | D:6      | Noticed Underhill's ghost (novice DsIE)
  7257 | D:6      | Reached skill level 5 in Conjurations
  7382 | D:6      | Killed Underhill's ghost
  7382 | D:6      | Reached XP level 9. HP: 31/57 MP: 1/19
  7535 | D:6      | Learned a level 4 spell: Summon Ice Beast
  7567 | D:6      | Noticed Pikel
  7576 | D:6      | Killed Pikel
  7576 | D:6      | Reached *** piety under Sif Muna
  7801 | D:6      | Found a staircase to the Ecumenical Temple.
  7870 | D:6      | Found an ornate altar of the Wu Jian Council.
  7877 | D:6      | Found a glowing golden altar of the Shining One.
  8034 | D:7      | Reached skill level 8 in Spellcasting
  8632 | D:7      | Found a hide-covered altar of Uskayaw.
  8741 | D:7      | Reached **** piety under Sif Muna
  8745 | D:7      | Found a basalt altar of Yredelemnul.
  8922 | D:7      | Gained mutation: You regenerate a little health from kills. [demonic ancestry]
  8922 | D:7      | Reached XP level 10. HP: 61/63 MP: 17/22
  8985 | D:7      | Reached skill level 9 in Spellcasting
  9677 | D:8      | Noticed a two-headed ogre
  9685 | D:8      | Killed a two-headed ogre
  9731 | D:8      | Noticed Psyche
  9735 | D:8      | Killed Psyche
 10098 | D:8      | Found a stormy altar of Qazlal.
 10239 | D:8      | Reached ***** piety under Sif Muna
 10239 | D:8      | Identified Sif Muna's Grimoire of Dark Cold (Sif Muna gifted it to you on level 8 of the Dungeon)
 10239 | D:8      | Received a gift from Sif Muna
 11029 | D:9      | Reached skill level 10 in Spellcasting
 11065 | D:9      | Found a staircase to the Lair.
 11442 | D:9      | Found an ancient bone altar of Kikubaaqudgha.
 11448 | D:9      | Found a sparkling altar of Nemelex Xobeh.
 11514 | D:9      | Noticed a moth of wrath
 11517 | D:9      | Found a bloodstained altar of Trog.
 11613 | D:10     | Entered Level 10 of the Dungeon
 11670 | D:10     | Reached skill level 1 in Summonings
 11803 | D:10     | Noticed Josephine
 11807 | D:10     | Killed Josephine
 11931 | D:10     | Reached skill level 5 in Summonings
 12039 | D:10     | Learned a level 3 spell: Regeneration
 12096 | D:10     | Noticed Urug
 12106 | D:10     | Killed Urug
 12106 | D:10     | Reached XP level 11. HP: 54/69 MP: 12/25
 12198 | D:10     | Found a staircase to the Orcish Mines.
 12264 | D:10     | Reached skill level 1 in Fighting
 12279 | D:10     | Reached skill level 1 in Charms
 13502 | D:11     | Noticed Harold
 13527 | D:11     | Killed Harold
 13608 | D:11     | Identified Sif Muna's Guide on Spatial Snow (Sif Muna gifted it to you on level 11 of the Dungeon)
 13608 | D:11     | Received a gift from Sif Muna
 13627 | D:11     | Noticed a six-headed hydra
 13636 | D:11     | Killed a six-headed hydra
 13999 | D:11     | Found a flagged portal.
 14056 | Bailey   | Entered a bailey
 14061 | Bailey   | Noticed an orc warlord
 14062 | Bailey   | Found the +8 glaive of the Guard {elec, +Rage AC+5 SInv}
 14178 | Bailey   | Noticed an orc knight
 14207 | Bailey   | Killed an orc knight
 14386 | Bailey   | Found a runed gate.
 14388 | Bailey   | Found a runed gate.
 14390 | Bailey   | Found a runed gate.
 14597 | Bailey   | Killed an orc warlord
 14597 | Bailey   | Reached skill level 11 in Spellcasting
 14906 | D:11     | Noticed a two-headed ogre
 14911 | D:11     | Killed a two-headed ogre
 15070 | D:11     | Noticed a two-headed ogre
 15077 | D:11     | Killed a two-headed ogre
 15254 | D:11     | Noticed a two-headed ogre
 15263 | D:11     | Killed a two-headed ogre
 15314 | D:11     | Noticed Erolcha
 15324 | D:11     | Killed Erolcha
 15842 | D:11     | Reached skill level 1 in Invocations
 16508 | D:11     | Gained mutation: You regenerate health from kills. [demonic ancestry]
 16508 | D:11     | Reached XP level 12. HP: 82/83 MP: 27/27
 16904 | D:12     | Reached skill level 12 in Spellcasting
 16913 | D:12     | Noticed Nessos
 16937 | D:12     | Killed Nessos
 17664 | D:13     | Reached skill level 1 in Armour
 17764 | D:13     | Noticed a centaur warrior
 17773 | D:13     | Killed a centaur warrior
 18006 | D:13     | Noticed a two-headed ogre
 18013 | D:13     | Killed a two-headed ogre
 18112 | D:13     | Reached skill level 5 in Armour
 18191 | D:13     | HP: 3/84 [slime creature (16)]
 18191 | D:13     | Mangled by an orc warrior

Vault maps used:
D:1:      scummos_arrival_hexagon
D:2:      nicolae_overflow_crystal_walls, serial_curves, eino_curves_01,
          eino_curves_03
D:3:      first_ration, nemelex_spade_bored_becter
D:4:      fedhas_altar_2, lemuel_doored_altar, uniq_edmund
D:5:      serial_shops, shop, st_stairs_1, uniq_duvessa, uniq_prince_ribbit1,
          uniq_menkaure
D:6:      amethyst_overflow_temple_binary, temple_statues, uniq_pikel,
          uniq_sigmund
D:7:      lemuel_zombie_altar_yredelemnul, minmay_ruined_shrine
D:8:      kennysheep_blocky_hall, lemuel_coloured_pillars_altar, uniq_psyche
D:9:      tgw_trog, nicolae_overflow_hidden_temple,
          grunt_lair_entry_orc_guard_hut
D:10:     kennysheep_orc_monster_closet_entryway, grunt_ogre_cave, uniq_urug,
          uniq_josephine
D:11:     enter_bailey_8, uniq_harold, uniq_erolcha
D:12:     uniq_nessos
Bailey:   bailey_axe_bossmonster_kennysheep, bailey

Skill      XL: |  1  2  3  4  5  6  7  8  9 10 11 12 |
---------------+-------------------------------------+-----
Ice Magic      | 3 4 5 6 7 8 9 |  9.5
Spellcasting   | 3 4 5 6 7 8 10 11 12 | 12.1
Conjurations   | 5 6 7 |  7.7
Summonings     | 5 |  5.2
Fighting       | 3 4 |  4.4
Charms         | 3 4 |  4.1
Invocations    | 1 2 |  2.7
Armour         | 5 |  5.1
Dodging        | |  1.7
Stealth        | |  1.7

Action                   |  1- 3 |  4- 6 |  7- 9 | 10-12 || total
-------------------------+-------+-------+-------+-------++-------
Melee: Dagger            |    32 |       |       |       ||    32
       Unarmed           |     2 |       |       |       ||     2
       Hand axe          |    95 |    60 |       |       ||   155
       Headbutt          |       |     5 |    15 |    18 ||    38
       Flail             |       |    23 |   125 |    29 ||   177
       Staff             |       |       |       |    92 ||    92
 Cast: Freeze            |    24 |    48 |   124 |   169 ||   365
       Throw Frost       |       |    11 |    55 |   129 ||   195
       Throw Icicle      |       |       |     3 |    84 ||    87
       Summon Ice Beast  |       |       |       |   139 ||   139
       Ozocubu's Armour  |       |       |       |     8 ||     8
Invok: Divine Energy     |       |       |       |     2 ||     2
       Stop Divine Energ |       |       |       |     1 ||     1
Evoke: Wand              |       |     3 |     4 |    20 ||    27
  Use: Scroll            |     1 |     6 |     8 |    10 ||    25
       Potion            |       |     4 |     5 |     1 ||    10
 Stab: Sleeping          |    10 |     2 |       |       ||    12
       Distracted        |       |       |       |     2 ||     2
  Eat: Chunk             |     5 |     6 |    11 |    27 ||    49
       Ration            |       |     1 |       |     3 ||     4
Armor: Robe              |    34 |     8 |    20 |    46 ||   108
       Leather armour    |       |    17 |    25 |       ||    42
       Skin              |       |       |    38 |       ||    38
       Troll leather arm |       |       |       |     7 ||     7
Dodge: Dodged            |    91 |    80 |   134 |   257 ||   562
       Deflected         |       |       |     6 |     9 ||    15
Block: Other             |    40 |    44 |    69 |   118 ||   271

Table legend:
 A = Spawn XP
 B = Non-spawn XP
 C = Spawn XP percentage of total XP
 D = Spawn monster count
 E = Non-spawn monster count
 F = Spawn count percentage of total count
 G = Total turns spent on level
                    A         B        C        D         E        F      G
               +---------+---------+-------+---------+---------+-------+---------
         Total |       0 |   29579 |   0.0 |       0 |     348 |   0.0 | 18191
               +---------+---------+-------+---------+---------+-------+---------
           D:1 |       0 |      32 |   0.0 |       0 |      18 |   0.0 |  1055
           D:2 |       0 |      57 |   0.0 |       0 |      17 |   0.0 |  1475
           D:3 |       0 |     105 |   0.0 |       0 |      15 |   0.0 |   697
           D:4 |       0 |     507 |   0.0 |       0 |      16 |   0.0 |  1823
           D:5 |       0 |    1536 |   0.0 |       0 |      33 |   0.0 |  2208
           D:6 |       0 |    1709 |   0.0 |       0 |      18 |   0.0 |   681
           D:7 |       0 |    2108 |   0.0 |       0 |      37 |   0.0 |  1664
           D:8 |       0 |    1814 |   0.0 |       0 |      18 |   0.0 |  1145
           D:9 |       0 |    1118 |   0.0 |       0 |      21 |   0.0 |  1116
          D:10 |       0 |    4602 |   0.0 |       0 |      47 |   0.0 |  1638
          D:11 |       0 |    7282 |   0.0 |       0 |      49 |   0.0 |  2869
          D:12 |       0 |    2076 |   0.0 |       0 |      14 |   0.0 |   568
          D:13 |       0 |    4815 |   0.0 |       0 |      18 |   0.0 |   566
        Bailey |       0 |    1818 |   0.0 |       0 |      27 |   0.0 |   686
               +---------+---------+-------+---------+---------+-------+---------
